 Dungeon Crawl Stone Soup version 0.29.1-1-gd02db6906a (webtiles) character file.

Game seed: 15618048147806971867

1091881 UngaStrats the Swordmaster (level 27, -5/245 HPs)
             Began as a Demigod Gladiator on Oct 6, 2022.
             Killed by divine providence
             ... invoked by a daeva
              (15 damage)
             ... in Pandemonium on Oct 8, 2022.
             The game lasted 06:53:29 (132604 turns).

UngaStrats the Swordmaster (Demigod Gladiator)    Turns: 132604, Time: 06:53:29

Health: -5/245     AC: 17    Str: 13    XL:     27
Magic:  18/18      EV: 81    Int: 11    God:
Gold:   11992      SH: 42    Dex: 68    Spells: 26/26 levels left

rFire   + + +      SeeInvis +   Q - +9 eudemon blade (holy)
rCold   + + +      Faith    .   R - +2 tower shield {rF+}
rNeg    + + +      Spirit   .   S - +1 leather armour "Ixzeos" {Rampage rF+ Int+5 SInv}
rPois   +          Reflect  .   V - +3 helmet of the Gloaming {rPois rF+ Str+2 Dex+4}
rElec   +          Harm     .   E - +2 cloak {Will+}
rCorr   .          Rampage  +   N - +0 pair of gloves of the Bouncing Emperors {+Blink rC+++ rN++ MP-9}
Will    ++++.      Rage     9%  P - -1 pair of boots of Vexation {rElec rN++ Slay+2}
Stlth   +++++.....              C - amulet of Moquwusmo {RegenMP rF+ rN+ Will+ Dex+3}
HPRegen 0.50/turn               I - +6 ring of dexterity
MPRegen 0.56/turn               L - +6 ring of dexterity

@: on berserk cooldown, slowed, glowing, studying 2 skills, very slow
A: high MP 1, forlorn, divine attributes, berserk 2, clumsy 1, deformed body,
deterioration 2, dopey 2, frail 1, screaming 2, weak 2, inability to drink after
injury 1, inability to read after injury 1, MP-powered wands
}: 9/15 runes: decaying, serpentine, slimy, silver, demonic, glowing, magical,
fiery, dark
a: Evoke Blink


You were in Pandemonium.
You visited 12 branches of the dungeon, and saw 54 of its levels.
You visited Pandemonium 1 time, and saw 40 of its levels.
You visited the Abyss 2 times.
You also visited: Sewer, Ossuary, Gauntlet, Ice Cave and Desolation.

You collected 14232 gold pieces.
You spent 2240 gold pieces at shops.

Inventory:

Hand Weapons
 v - a +9 great sword of holy wrath
 w - the +6 sword of Cerebov {flame}
   (You took it off Cerebov in Pandemonium)

   It burns those it strikes, dealing additional fire damage.
   Big, fiery blades are also staple armaments of hydra-hunters.
   It temporarily reduces the fire resistance of those it strikes.
 x - a +4 double sword of holy wrath
 Q - a +9 eudemon blade of holy wrath (weapon)
Missiles
 d - 3 throwing nets (quivered)
Armour
 t - a +4 troll leather armour
 B - the +1 pair of gloves of Axommar {Will+ Regen+ Slay+3}
   (You found it in Pandemonium)

   Slay:      It affects your accuracy & damage with ranged weapons and melee
   (+3).
   Regen:     It increases your rate of health regeneration.
   Will:      It increases your willpower.
 E - a +2 cloak of willpower (worn)
 N - the +0 pair of gloves of the Bouncing Emperors (worn) {+Blink rC+++ rN++ MP-9}
   (You found it on level 3 of the Elven Halls)

   rC:        It renders you almost immune to cold.
   rN:        It greatly protects you from negative energy.
   MP:        It affects your magic capacity (-9).
   +Blink:    It lets you blink.
 P - the -1 pair of boots of Vexation (worn) {rElec rN++ Slay+2}
   (You found it on level 3 of the Depths)

   Slay:      It affects your accuracy & damage with ranged weapons and melee
   (+2).
   rElec:     It insulates you from electricity.
   rN:        It greatly protects you from negative energy.
 R - a +2 tower shield of fire resistance (worn)
 S - the +1 leather armour "Ixzeos" (worn) {Rampage rF+ Int+5 SInv}
   (You bought it in a shop on level 15 of the Dungeon)

   Int:       It affects your intelligence (+5).
   rF:        It protects you from fire.
   SInv:      It lets you see invisible.
   Rampage:   It bestows one free step when moving towards enemies.
 U - a +5 kite shield of reflection
 V - the +3 helmet of the Gloaming (worn) {rPois rF+ Str+2 Dex+4}
   (You found it in a Gauntlet)

   Str:       It affects your strength (+2).
   Dex:       It affects your dexterity (+4).
   rF:        It protects you from fire.
   rPois:     It protects you from poison.
Jewellery
 a - the ring "Vimanol" {rElec rF+ rCorr}
   (You found it on level 1 of the Elven Halls)

   [ring of protection from fire]

   rF:        It protects you from fire.
   rElec:     It insulates you from electricity.
   rCorr:     It protects you from acid and corrosion.
 C - the amulet of Moquwusmo (around neck) {RegenMP rF+ rN+ Will+ Dex+3}
   (You acquired it on level 9 of the Dungeon)

   [amulet of magic regeneration]

   It increases your rate of magic regeneration.
   Dex:       It affects your dexterity (+3).
   rF:        It protects you from fire.
   rN:        It protects you from negative energy.
   Will:      It increases your willpower.
 I - a +6 ring of dexterity (left hand)
 L - a +6 ring of dexterity (right hand)
 M - the ring "Zuffan Idue" {Will+ Str+6 Dex+4}
   (You found it in Pandemonium)

   [ring of strength]

   Str:       It affects your strength (+6).
   Dex:       It affects your dexterity (+4).
   Will:      It increases your willpower.
 O - the amulet "Teax" {Regen+ Dex+2}
   (You found it in Pandemonium)

   [amulet of regeneration]

   Dex:       It affects your dexterity (+2).
   Regen:     It increases your rate of health regeneration.
 X - a ring of flight
 Y - the ring of Shadows {Umbra +Inv Stlth+}
   (You took it off a deep elf annihilator on level 3 of the Elven Halls)

   [ring of stealth]

   It surrounds you with an aura of shadow, increasing your stealth and reducing
   the accuracy of all others within it.
   +Inv:      It lets you turn invisible.
   Stlth:     It makes you more stealthy.
 Z - the amulet "Weaheishi" {Fly rN+++ Regen+ MP+9 Str-5}
   (You found it on level 3 of the Elven Halls)

   [amulet of regeneration]

   Str:       It affects your strength (-5).
   rN:        It renders you almost immune to negative energy.
   MP:        It affects your magic capacity (+9).
   Fly:       It grants you flight.
   Regen:     It increases your rate of health regeneration.
Wands
 q - a wand of flame (75)
 u - a wand of digging (21)
 y - a wand of charming (107)
 F - a wand of iceblast (96)
 K - a wand of acid (48)
Scrolls
 b - 20 scrolls of magic mapping
 e - 19 scrolls of immolation
 g - 28 scrolls of teleportation
 j - 4 scrolls of silence
 k - a scroll of brand weapon
 m - 18 scrolls of fog
 n - 12 scrolls of fear
 o - 3 scrolls of blinking
 D - 7 scrolls of summoning
Potions
 c - 7 potions of might
 f - 21 potions of attraction
 h - 20 potions of lignification
 i - 13 potions of flight
 l - 10 potions of brilliance
 p - 8 potions of haste
 r - 5 potions of berserk rage
 s - 3 potions of heal wounds
 z - 7 potions of ambrosia
 A - 35 potions of curing
 H - 3 potions of resistance
 J - 2 potions of cancellation
 T - 7 potions of invisibility
 W - a potion of mutation


   Skills:
 O Level 27 Fighting
 O Level 27 Long Blades
 - Level 1.7 Throwing
 + Level 20.7 Armour
 O Level 27 Dodging
 O Level 27 Stealth
 O Level 27 Shields


You had 26 spell levels left.
You didn't know any spells.
Your spell library contained the following spells:

 Spells                   Type           Power      Damage    Failure   Level
 Apportation              Tloc           0%         N/A       36%         1
 Beastly Appendage        Tmut           0%         N/A       36%         1
 Foxfire                  Conj/Fire      0%         2x1d4     36%         1
 Freeze                   Ice            0%         1d3       36%         1
 Magic Dart               Conj           0%         1d3       36%         1
 Necrotise                Necr           0%         1d4       36%         1
 Sandblast                Erth           0%         2d4       36%         1
 Shock                    Conj/Air       0%         1d3       36%         1
 Sting                    Tmut/Pois      0%         1d3       36%         1
 Blink                    Tloc           0%         N/A       52%         2
 Call Imp                 Summ           0%         N/A       52%         2
 Ensorcelled Hibernation  Hex/Ice        0%         N/A       52%         2
 Passwall                 Tmut/Erth      0%         N/A       52%         2
 Poisonous Vapours        Pois/Air       0%         N/A       52%         2
 Scorch                   Fire           0%         2d5       52%         2
 Searing Ray              Conj           0%         2d4       52%         2
 Static Discharge         Conj/Air       0%         3-3/arc   52%         2
 Sublimation of Blood     Necr           0%         N/A       52%         2
 Wereblood                Tmut           0%         N/A       52%         2
 Call Canine Familiar     Summ           0%         N/A       75%         3
 Conjure Flame            Conj/Fire      0%         6-21      75%         3
 Dazzling Flash           Conj/Hex       0%         N/A       75%         3
 Frozen Ramparts          Ice            0%         1d1       75%         3
 Gell's Gravitas          Tloc           0%         N/A       75%         3
 Ignite Poison            Fire/Tmut/Pois 0%         N/A       75%         3
 Inner Flame              Hex/Fire       0%         N/A       75%         3
 Lesser Beckoning         Tloc           0%         N/A       75%         3
 Mephitic Cloud           Conj/Pois/Air  0%         N/A       75%         3
 Ozocubu's Armour         Ice            0%         N/A       75%         3
 Portal Projectile        Hex/Tloc       0%         N/A       75%         3
 Spider Form              Tmut/Pois      0%         N/A       75%         3
 Stone Arrow              Conj/Erth      0%         3d7       75%         3
 Summon Guardian Golem    Hex/Summ       0%         N/A       75%         3
 Swiftness                Air            0%         N/A       75%         3
 Teleport Other           Tloc           0%         N/A       75%         3
 Tukima's Dance           Hex            0%         N/A       75%         3
 Vampiric Draining        Necr           0%         2d6       75%         3
 Airstrike                Air            0%         2d(0-16)  98%         4
 Anguish                  Hex/Necr       0%         N/A       98%         4
 Animate Armour           Summ/Erth      0%         N/A       98%         4
 Animate Dead             Necr           0%         N/A       98%         4
 Cause Fear               Hex            0%         N/A       98%         4
 Corpse Rot               Necr/Pois/Air  0%         N/A       98%         4
 Dispel Undead            Necr           0%         3d6       98%         4
 Flame Wave               Conj/Fire      0%         2d4       98%         4
 Fulminant Prism          Conj/Hex       0%         3d6       98%         4
 Hailstorm                Conj/Ice       0%         3d3       98%         4
 Ice Form                 Ice/Tmut       0%         N/A       98%         4
 Iskenderun's Mystic Bla  Conj/Tloc      0%         2d3       98%         4
 Leda's Liquefaction      Hex/Erth       0%         N/A       98%         4
 Olgreb's Toxic Radiance  Pois           0%         N/A       98%         4
 Passage of Golubria      Tloc           0%         N/A       98%         4
 Petrify                  Tmut/Erth      0%         N/A       98%         4
 Sticky Flame             Conj/Fire      0%         2d3       98%         4
 Summon Ice Beast         Ice/Summ       0%         N/A       98%         4
 Summon Lightning Spire   Summ/Air       0%         N/A       98%         4
 Agony                    Necr           0%         N/A       100%        5
 Alistair's Intoxication  Tmut/Pois      0%         N/A       100%        5
 Blade Hands              Tmut           0%         N/A       100%        5
 Borgnjor's Vile Clutch   Necr/Erth      0%         N/A       100%        5
 Fireball                 Conj/Fire      0%         3d3       100%        5
 Freezing Cloud           Conj/Ice/Air   0%         6-21      100%        5
 Irradiate                Conj/Tmut      0%         3d11      100%        5
 Iskenderun's Battlesphe  Conj           0%         2d6       100%        5
 Lee's Rapid Deconstruct  Erth           0%         3d5*      100%        5
 Lightning Bolt           Conj/Air       0%         1d11      100%        5
 Manifold Assault         Tloc           0%         N/A       100%        5
 Metabolic Englaciation   Hex/Ice        0%         N/A       100%        5
 Silence                  Hex/Air        0%         N/A       100%        5
 Summon Forest            Summ/Tloc      0%         N/A       100%        5
 Summon Mana Viper        Hex/Summ       0%         N/A       100%        5
 Yara's Violent Unravell  Hex/Tmut       0%         3d3       100%        5
 Conjure Ball Lightning   Conj/Air       0%         3x3d6     100%        6
 Death Channel            Necr           0%         N/A       100%        6
 Dispersal                Tloc           0%         N/A       100%        6
 Eringya's Noxious Bog    Tmut/Pois      0%         N/A       100%        6
 Iron Shot                Conj/Erth      0%         9d1       100%        6
 Simulacrum               Ice/Necr       0%         N/A       100%        6
 Starburst                Conj/Fire      0%         6d3       100%        6
 Statue Form              Tmut/Erth      0%         N/A       100%        6
 Summon Cactus Giant      Summ           0%         N/A       100%        6
 Dragon Form              Tmut           0%         N/A       100%        7
 Haunt                    Necr/Summ      0%         N/A       100%        7
 Malign Gateway           Summ/Tloc      0%         N/A       100%        7
 Monstrous Menagerie      Summ           0%         N/A       100%        7
 Orb of Destruction       Conj           0%         9d5       100%        7
 Ozocubu's Refrigeration  Ice            0%         4d7       100%        7
 Spellforged Servitor     Conj/Summ      0%         N/A       100%        7
 Storm Form               Tmut/Air       0%         N/A       100%        7
 Summon Hydra             Summ           0%         N/A       100%        7
 Discord                  Hex            0%         N/A       100%        8
 Disjunction              Tloc           0%         N/A       100%        8
 Ignition                 Fire           0%         3d3       100%        8
 Infestation              Necr           0%         N/A       100%        8
 Lehudib's Crystal Spear  Conj/Erth      0%         10d2      100%        8
 Maxwell's Capacitive Co  Air            0%         ∞         100%        8
 Necromutation            Tmut/Necr      0%         N/A       100%        8
 Summon Horrible Things   Summ           0%         N/A       100%        8
 Chain Lightning          Conj/Air       0%         N/A       100%        9
 Dragon's Call            Summ           0%         N/A       100%        9
 Fire Storm               Conj/Fire      0%         5d1       100%        9
 Polar Vortex             Ice            0%         N/A       100%        9
 Shatter                  Erth           0%         3d5*      100%        9


Dungeon Overview and Level Annotations

Branches:
Dungeon (15/15)            Temple (0/1) D:5            Lair (5/5) D:8
  Swamp (4/4) Lair:3        Snake (4/4) Lair:3        Slime (5/5) Lair:4
    Orc (2/2) D:11            Elf (3/3) Orc:2        Vaults (5/5) D:14
  Crypt (3/3) Vaults:2       Tomb (0/3) Crypt:3      Depths (4/4) D:15
   Hell (visited)             Dis (0/7) Hell            Geh (0/7) Hell
    Coc (0/7) Hell            Tar (0/7) Hell            Zot (3/5) Depths:4
  Sewer (visited)         Ossuary (visited)           IceCv (visited)
Desolation (visited)      Gauntlet (visited)

Shops:
D:15 [   Orc:2 *![[?   Elf:2 (   Snake:3 [(   Depths:4 (

Portals:
Hell: Depths:1 Depths:2 Depths:3 Depths:4
Abyss: Lair:5 Depths:2 Depths:3
Pandemonium: Depths:1 Depths:2 Depths:4
Ziggurat: Depths:4

Annotations:
Snake:1 1 transporter
Zot:2 exclusions: downstairs and 8 more exclusions


Innate Abilities, Weirdness & Mutations

You have an increased reservoir of magic. (+10% MP)
You shall have no god before yourself.
Your divine heritage dramatically boosts your attributes as you level up.
You have an uncontrollable temper.
You are clumsy. (Dex -2)
Armour fits poorly on your strangely shaped body.
Your body often deteriorates upon taking damage.
You are very dopey. (Int -4)
You are frail. (-10% HP)
You frequently scream uncontrollably at your foes.
You are very weak. (Str -4)
You occasionally lose the ability to drink potions when taking damage.
You occasionally lose the ability to read scrolls when taking damage.
You expend magic power (3 MP) to strengthen your wands.


Message History

The daeva is severely wounded.
A daeva comes into view.
It is wielding a +5 scimitar of holy wrath.
The daeva calls down the wrath of Zin upon you.
Zin smites you!
* * * LOW HITPOINT WARNING * * *
Unknown command.
The daeva blocks your attack.
The daeva is severely wounded.
The daeva calls down the wrath of Zin upon you.
Zin smites you!
* * * LOW HITPOINT WARNING * * *
You block the daeva's attack. The daeva completely misses you.
Unknown command.
Things that are here:
a +2 eudemon blade of holy wrath; a +0 tower shield
As you read the scroll of teleportation, it crumbles to dust.
You feel strangely unstable. You block the daeva's attack. x2
The daeva calls down the wrath of Zin upon you.
Zin smites you!
* * * LOW HITPOINT WARNING * * *
The daeva calls down the wrath of Zin upon you.
Zin smites you!
* * * LOW HITPOINT WARNING * * *
You feel much better.
Your surroundings seem slightly different.
Found a glowing silver altar of Zin.
You block the daeva's attack. x2
You feel much better.
The daeva calls down the wrath of Zin upon you.
Zin smites you!
* * * LOW HITPOINT WARNING * * *
The daeva calls down the wrath of Zin upon you.
Zin smites you!
* * * LOW HITPOINT WARNING * * *
The daeva calls down the wrath of Zin upon you.
Zin smites you!
* * * LOW HITPOINT WARNING * * *
You block the daeva's attack. x2
The daeva calls down the wrath of Zin upon you.
Zin smites you!
You die...

####.)#..........................
...####....##############.#..##..
.........#.# ##...##..
........##.# ##..#...
..#.∩......# #.....#
.....##############. #.....#
...#.#.#.#.#)#.#.... . #.....#
.....'.....§AA.A.###.^._ #.....#
...#.#.#.#.#.#.#@....... #....##
.....##############..... #....#
..#........# ... #...##
........##.# . ##..##
###..[...#.# ##...#
#####....##############.#..#
####..................##
###......^.......###
#####........###


You could see 3 daevas.

Vanquished Creatures
  Cerebov (Pan)
  the Royal Jelly (Slime:5)
  Gloorx Vloq (Pan)
  Mnoleg (Pan)
  Lom Lobon (Pan)
  A seraph (Pan)
  4 dread liches
  An ancient lich (Hell)
  Mennas (Depths:3)
  2 juggernauts (Depths:2)
  Josephina (Crypt:1)
  A royal mummy (Crypt:3)
  the Lernaean hydra (Swamp:4)
  Frederick (Vaults:2)
  A Killer Klown (Zot:2)
  Bai Suzhen (Vaults:2)
  Geryon (Hell)
  9 golden dragons
  Nikola (Depths:1)
  the Enchantress (Depths:1)
  31 Tzitzimimeh
  2 doom hounds (Crypt:2)
  8 bone dragons
  14 Brimstone Fiends (Pan)
  12 tentacled monstrosities
  A shard shrike skeleton (Crypt:3)
  3 hellephants
  9 Hell Sentinels (Pan)
  2 walking earthen tomes (Depths:3)
  Mlioglotl (Swamp:1)
  16 Ice Fiends (Pan)
  10 liches
  3 titans
  Grunn (Crypt:2)
  3 deep elf master archers (Elf:3)
  Murray (Hell)
  10 quicksilver dragons
  A deep elf blademaster (Elf:3)
  32 acid blobs
  5 ancient champions
  55 Executioners
  3 death cobs
  5 sphinxes
  Asterion (Snake:2)
  4 thorn hunters
  Gastronok (D:8)
  16 tentacled starspawn
  8 storm dragons
  Kirke (Swamp:3)
  8 tengu reavers
  5 nagarajas
  6 shadow dragons
  Roxanne (D:15)
  Donald (Vaults:2)
  32 pandemonium lords (Pan)
  20 rockslimes
  13 azure jellies
  6 daevas
  5 revenants
  32 demonspawn warmongers (Pan)
  2 draconian knights
  10 deep elf sorcerers
  2 iron dragons
  9 fire giants
  16 vault wardens
  3 draconian monks
  8 frost giants
  Aizul (Snake:3)
  55 balrugs
  2 draconian scorchers
  A caustic shrike zombie (Hell)
  7 curse skulls
  The ghost of caveywoolpert the Bludgeoner, a journeyman HOBe of Trog (Lair:5)
  10 ghouls
  5 imperial myrmidons (Desolation)
  5 ghost moths (Pan)
  18 ironbound preservers
  15 angels (Pan)
  6 deep elf elementalists
  5 draconian shifters
  3 orc warlords
  A juggernaut skeleton (Pan)
  50 cacodemons
  73 reapers
  3 draconian stormcallers
  7 spriggan defenders
  A quicksilver ooze (shapeshifter) (Vaults:5)
  30 demonspawn blood saints (Pan)
  11 quicksilver oozes
  7 ironbound thunderhulks
  38 demonspawn corrupters (Pan)
  14 stone giants
  4 eleionomae
  9 ophanim (Pan)
  4 war gargoyles
  26 very ugly things
  4 draconian annihilators
  5 black draconians
  3 green draconians
  7 purple draconians
  9 deep elf annihilators
  2 halazid warlocks (Desolation)
  The ghost of Qirivub the Eclecticist, a journeyman DECj of Sif Muna (Elf:1)
  A putrid mouth (Crypt:2)
  Nessos (Orc:2)
  7 apis (Pan)
  3 entropy weavers
  46 lorocyprocas
  6 deep elf demonologists
  32 demonspawn black suns (Pan)
  12 vampire knights
  3 red draconians (Zot:2)
  2 bunyips
  55 blizzard demons
  15 dire elephants
  2 white draconians
  4 yellow draconians
  A minotaur (Gauntlet)
  10 spark wasps
  4 deep elf death magi
  2 quicksilver dragon zombies
  A crystal guardian (Desolation)
  4 eidola
  13 jiangshi
  7 mummy priests
  2 iron golems (Hell)
  4 ragged hierophants (Desolation)
  49 green deaths
  18 ettins
  16 yaktaur captains
  10 great orbs of eyes
  9 deep elf high priests
  6 hell beasts
  14 fire dragons
  37 vault guards
  4 spriggan zombies
  A fenstrider witch zombie (Abyss:3)
  12 rakshasas
  9 servants of whispers (Desolation)
  3 juggernaut simulacra
  5 peacekeepers (Desolation)
  4 boulder beetles
  3 salamander tyrants
  Harold (D:10)
  3 ogre magi
  A hydra (shapeshifter) (Depths:2)
  4 spriggan air magi
  7 ice dragons
  35 hydras
  2 caustic shrike simulacra (IceCv)
  A catoblepas (Lair:5)
  13 ironbound frosthearts
  19 anacondas
  An Orb Guardian zombie (Crypt:1)
  7 centaur warriors
  30 dancing weapons
  2 fenstrider witch skeletons
  2 death knights
  9 naga warriors
  15 two-headed ogres
  3 ghost crabs
  14 death yaks
  3 tengu warriors
  9 alligators
  8 deep troll shamans
  9 vampire magi
  12 hell hogs
  An orc high priest (Elf:1)
  2 death scarabs (Gauntlet)
  12 hell knights
  4 spriggan berserkers
  12 deep troll earth magi
  3 titan zombies
  153 soul eaters
  15 thrashing horrors
  The ghost of matti1234 the Covert, a novice OpWr of Gozag (D:10)
  21 deep elf knights
  8 naga sharpshooters
  9 shock serpents
  237 sun demons
  16 wretched stars
  2 fire crabs (shapeshifter)
  4 titan skeletons
  11 iron trolls
  64 sixfirhies
  15 shadow wraiths
  A spectral death yak (Gauntlet)
  2 spatial maelstroms (Abyss:2)
  Lodul (D:10)
  A storm dragon skeleton (Pan)
  6 spriggan druids
  7 glowing orange brains
  A sea snake (shapeshifter) (Vaults:5)
  12 skeletal warriors
  62 deep trolls
  2 spark wasp zombies (Hell)
  2 quicksilver dragon simulacra
  27 starcursed masses
  9 salamander mystics
  13 swamp dragons
  3 bunyip zombies (Swamp:4)
  39 shadow demons
  7 naga ritualists
  A deep troll (shapeshifter) (Depths:2)
  2 orange crystal statues (IceCv)
  9 cherubim (Pan)
  5 flayed ghosts
  23 bog bodies
  Pikel (D:5)
  7 harpies (Vaults:2)
  3 tengu zombies
  An orb spider (Abyss:2)
  8 phantasmal warriors
  18 wizards
  8 deep elf archers
  A golden dragon skeleton (Depths:3)
  A harpy (shapeshifter) (Vaults:5)
  11 orc knights
  A shadow dragon zombie (Abyss:2)
  4 bunyip skeletons
  A wolf spider (Vaults:5)
  7 mana vipers
  33 deep elf pyromancers
  18 ironbound convokers
  10 lindwurms
  10 necromancers
  65 ugly things
  A fire giant zombie (Depths:3)
  A frost giant zombie (Hell)
  29 deep elf zephyrmancers
  2 shining eyes
  A human zombie (Vaults:5)
  4 worldbinders
  An anaconda skeleton (Hell)
  13 moths of wrath
  5 manticores
  3 stone giant zombies
  A sphinx skeleton (Depths:3)
  An orc sorcerer (Orc:2)
  2 salamanders (shapeshifter)
  A will-o-the-wisp (Swamp:1)
  9 cyclopes
  A moth of wrath (shapeshifter) (Vaults:5)
  An eleionoma zombie (Crypt:1)
  4 centaur zombies
  25 salamanders
  14 elephants
  22 vault sentinels
  8 ice statues
  2 apocalypse crabs
  A shock serpent zombie (Crypt:3)
  42 black mambas
  14 naga magi
  5 eyes of devastation
  9 guardian serpents
  17 centaur skeletons
  3 molten gargoyles (Desolation)
  204 smoke demons
  13 rust devils
  58 orange demons
  13 cane toads
  2 dire elephant skeletons (Abyss:3)
  A death yak zombie (Crypt:1)
  5 komodo dragons
  4 rime drakes
  30 hellions
  5 unseen horrors
  4 gargoyles
  52 tormentors
  Psyche (D:8)
  3 kobold demonologists
  7 efreet
  2 human skeletons
  81 demonic crawlers (Pan)
  An unseen horror (shapeshifter) (Vaults:5)
  34 yaktaurs
  2 tengu conjurers
  14 ancient zymes
  11 freezing wraiths
  An anaconda simulacrum (Abyss:3)
  28 guardian mummies (Crypt:3)
  67 hellwings
  3 alligator snapping turtle skeletons
  23 red devils
  17 ice devils
  2 harpy zombies
  2 meliai (shapeshifter)
  3 golden dragon simulacra (IceCv)
  A silent spectre (Abyss:2)
  A red draconian skeleton (Crypt:1)
  2 polar bears
  14 trolls
  A tarantella (shapeshifter) (Lair:5)
  8 hornets
  A merfolk (shapeshifter) (Vaults:5)
  A bloated husk (Swamp:1)
  A queen bee (Gauntlet)
  13 tyrant leeches
  A mana viper skeleton (Crypt:3)
  A hydra skeleton (Hell)
  3 hydra zombies (Hell)
  8 harpy skeletons
  99 slime creatures
  9 blink frogs (Lair:5)
  45 saltlings (Desolation)
  3 ettin zombies
  15 dream sheep
  29 raiju
  A jumping spider (shapeshifter) (D:13)
  An alligator skeleton (Hell)
  36 flying skulls
  A guardian serpent skeleton (Crypt:2)
  A spectral black mamba (Gauntlet)
  A spriggan (shapeshifter) (Abyss:3)
  12 water elementals
  9 spriggans
  4 air elementals
  2 centaur simulacra
  5 ushabtiu (Crypt:3)
  4 vampires
  163 ynoxinuls
  2 ice dragon skeletons
  5 wyverns
  A dire elephant simulacrum (IceCv)
  6 basilisks (Lair:5)
  Eustachio (D:4)
  81 chaos spawn
  5 wraiths
  3 black mamba skeletons
  3 fire bats (Lair:5)
  42 yaks
  An elf zombie (Vaults:5)
  5 fire elementals
  A steam dragon (D:9)
  A golden eye (Slime:5)
  2 redbacks (Vaults:1)
  A redback (shapeshifter) (D:10)
  93 neqoxecs
  A sea snake simulacrum (Hell)
  A spectral komodo dragon (Gauntlet)
  An alligator snapping turtle simulacrum (Crypt:2)
  6 vampire mosquitoes
  Menkaure (D:7)
  10 swamp worms
  3 spriggan simulacra
  6 harpy simulacra
  172 large abominations
  2 glowing shapeshifter zombies (Hell)
  33 nagas
  A naga zombie (Crypt:3)
  4 wargs (Orc:2)
  5 spatial vortices (Abyss:2)
  A hydra simulacrum (IceCv)
  A merfolk zombie (Crypt:2)
  3 acid dragons
  11 hell hounds
  A water moccasin (shapeshifter) (Depths:2)
  2 floating eyes
  13 water moccasins
  9 swamp drakes
  A black bear (D:7)
  2 hornet zombies (Crypt:3)
  3 ice beasts
  A sky beast (D:6)
  14 orc warriors
  2 ettin simulacra
  40 small abominations
  A swamp dragon zombie (Crypt:1)
  3 alligator simulacra (IceCv)
  5 boggarts (Vaults:3)
  A tengu (shapeshifter) (Vaults:4)
  10 wolves
  27 ogres
  2 swamp dragon skeletons (Swamp:4)
  9 centaurs
  A phantom (D:4)
  A hog skeleton (Crypt:3)
  2 torpor snail zombies (Crypt:3)
  3 kobold brigands
  An earth elemental (Abyss:4)
  5 necrophages
  13 bullfrogs
  A scorpion (D:5)
  A wyvern skeleton (Crypt:1)
  13 wights
  12 killer bees
  4 lindwurm simulacra (IceCv)
  5 howler monkeys
  2 spriggan skeletons
  A yak skeleton (Crypt:3)
  4 electric eels
  5 jellies
  A lava snake (Lair:5)
  6 quasits
  4 hounds
  10 orc priests
  4 iron imps
  A scorpion zombie (D:2)
  3 iguanas
  21 orc wizards
  A boggart zombie (Crypt:3)
  7 hell rats
  4 naga skeletons
  A hound skeleton (Crypt:2)
  21 mummies
  4 river rats (Sewer)
  7 adders
  A steam dragon skeleton (Crypt:1)
  3 white imps
  5 ufetubi
  An adder zombie (D:2)
  An adder skeleton (D:2)
  3 worms
  A dart slug (D:4)
  76 orcs
  5 spectral bats (Ossuary)
  3 bat zombies
  8 endoplasms
  3 giant cockroaches
  12 gnoll zombies (Ossuary)
  10 goblins
  3 hobgoblins
  9 jackals
  4 quokkas
  8 ball pythons
  3 bats
  2 bat simulacra (Ossuary)
  3 frilled lizards
  4 goblin simulacra (Ossuary)
  5 goblin zombies (Ossuary)
  2 hobgoblin zombies (Ossuary)
  18 kobolds
  4 kobold simulacra (Ossuary)
  8 kobold zombies (Ossuary)
  3 orc zombies (Ossuary)
  14 rats
  6 rat simulacra (Ossuary)
  3 spectral goblins (Ossuary)
  5 spectral kobolds (Ossuary)
  A spectral rat (Ossuary)
  A ball lightning (Pan)
  A bush (Lair:3)
  9 fire vortices
  A lurking horror (Abyss:3)
  3 starspawn tentacles
5106 creatures vanquished.

Vanquished Creatures (collateral kills)
  A demonspawn warmonger (Pan)
  A ynoxinul (Pan)
2 creatures vanquished.

Vanquished Creatures (others)
  A deep elf blademaster (Elf:3)
  An eldritch tentacle (Pan)
  A demonspawn warmonger (Pan)
  A demonspawn blood saint (Pan)
  An eidolon (Crypt:3)
  2 blizzard demons (Pan)
  A deep elf knight (Elf:1)
  A sixfirhy (Pan)
  A wizard (Depths:3)
  A deep elf zephyrmancer (Elf:2)
  A smoke demon (Pan)
  3 bloated husks
  A saltling (Desolation)
  A centaur simulacrum (Crypt:1)
  3 ynoxinuls (Pan)
  A wyvern (D:9)
  2 fire bats (Pan)
  A large abomination (Pan)
  2 orc wizards
  2 ball lightnings (Pan)
  A block of ice (Pan)
  3 briar patches (Abyss:3)
  2 foxfires (Swamp:1)
  28 fungi
  2 lurking horrors (Abyss:3)
  2 pillars of salt
  49 plants
  20 starspawn tentacles
  2 withered plants (Desolation)
137 creatures vanquished.

Grand Total: 5245 creatures vanquished

Notes
Turn   | Place    | Note
-------+----------+-------------------------------------------
     0 | D:1      | UngaStrats the Demigod Gladiator began the quest for the
                  | Orb.
     0 | D:1      | Reached XP level 1. HP: 17/17 MP: 3/3
   469 | D:1      | Reached XP level 2. HP: 24/24 MP: 4/4
  1249 | D:2      | Reached XP level 3. HP: 28/29 MP: 5/5
  1854 | D:3      | Reached XP level 4. HP: 34/37 MP: 6/6
  2236 | D:3      | Found a glowing drain.
  2259 | Sewer    | Entered a sewer
  2387 | Sewer    | Reached XP level 5. HP: 39/44 MP: 7/7
  2857 | D:3      | Noticed an angel
  3722 | D:4      | Reached skill level 5 in Long Blades
  3722 | D:4      | Reached XP level 6. HP: 48/51 MP: 8/8
  4028 | D:4      | Noticed Eustachio
  4114 | D:4      | Killed Eustachio
  4568 | D:4      | Reached XP level 7. HP: 56/58 MP: 9/9
  4717 | D:5      | Entered Level 5 of the Dungeon
  4773 | D:5      | Found a staircase to the Ecumenical Temple.
  6184 | D:6      | Reached skill level 5 in Dodging
  6271 | D:6      | Reached XP level 8. HP: 62/67 MP: 10/10
  6299 | D:6      | Noticed Pikel
  6331 | D:5      | Killed Pikel
  6332 | D:5      | Reached skill level 5 in Fighting
  7081 | D:7      | Found a sand-covered staircase.
  7091 | Ossuary  | Entered an ossuary
  7960 | D:7      | Noticed a troll
  7976 | D:7      | Killed a troll
  8159 | D:7      | Reached XP level 9. HP: 75/75 MP: 11/11
  8330 | D:7      | Noticed Menkaure
  8331 | D:7      | Noticed a two-headed ogre
  8635 | D:7      | Killed Menkaure
  8702 | D:7      | Killed a two-headed ogre
  8793 | D:8      | Noticed Gastronok
  8833 | D:8      | Killed Gastronok
  8834 | D:8      | Reached skill level 10 in Long Blades
  8891 | D:8      | Noticed a death yak
  8891 | D:8      | Noticed a death yak
  8891 | D:8      | Noticed Psyche
  9027 | D:8      | Killed Psyche
  9028 | D:8      | Reached XP level 10. HP: 84/86 MP: 13/13
  9114 | D:8      | Killed a death yak
  9229 | D:8      | Noticed a death yak
  9229 | D:8      | Noticed a death yak
  9271 | D:8      | Noticed a death yak
  9292 | D:7      | Killed a death yak
  9416 | D:8      | Found a staircase to the Lair.
  9418 | D:8      | Noticed a death yak
  9437 | D:8      | Killed a death yak
  9448 | D:8      | Killed a death yak
  9456 | D:8      | Killed a death yak
  9469 | D:8      | Killed a death yak
  9704 | D:8      | Identified 2 scrolls of acquirement
  9839 | D:9      | Noticed a tengu warrior
  9860 | D:9      | Killed a tengu warrior
  9861 | D:9      | Reached XP level 11. HP: 43/95 MP: 14/14
  9861 | D:9      | Noticed a centaur warrior
  9866 | D:9      | Noticed a deep elf pyromancer
  9879 | D:9      | Killed a centaur warrior
  9885 | D:9      | Killed a deep elf pyromancer
 10005 | D:9      | Identified the +0 pair of gloves "Paleudgh" {rF+++ rC-
                  | Dex+3}
 10437 | D:9      | Noticed a two-headed ogre
 10445 | D:9      | Killed a two-headed ogre
 10452 | D:9      | Noticed a two-headed ogre
 10465 | D:9      | Killed a two-headed ogre
 10918 | D:9      | Acquired the amulet of Moquwusmo {RegenMP rF+ rN+ Will+
                  | Dex+3}
 10925 | D:9      | Acquired a +4 great sword of holy wrath
 11000 | D:10     | Entered Level 10 of the Dungeon
 11034 | D:10     | Noticed Harold
 11036 | D:10     | Noticed a two-headed ogre
 11049 | D:10     | Killed Harold
 11056 | D:10     | Killed a two-headed ogre
 11130 | D:10     | Found a transporter.
 11145 | D:10     | Noticed a two-headed ogre
 11159 | D:10     | Killed a two-headed ogre
 11376 | D:10     | Found a runed translucent gate.
 11376 | D:10     | Found a runed translucent gate.
 11377 | D:10     | Found a runed translucent gate.
 11377 | D:10     | Noticed matti1234's ghost (novice OpWr)
 11585 | D:10     | Found a transporter.
 11673 | D:10     | Noticed Lodul
 11696 | D:10     | Killed Lodul
 11878 | D:11     | Reached XP level 12. HP: 106/106 MP: 15/15
 12001 | D:11     | Reached skill level 10 in Dodging
 12273 | D:11     | Found a staircase to the Orcish Mines.
 12672 | D:12     | Reached skill level 10 in Fighting
 12914 | D:12     | Noticed a two-headed ogre
 12938 | D:12     | Killed a two-headed ogre
 13226 | D:12     | Noticed a two-headed ogre
 13234 | D:12     | Killed a two-headed ogre
 13737 | D:13     | Noticed a centaur warrior
 13830 | D:13     | Killed a centaur warrior
 14045 | D:13     | Got Ingack's Collected Works on Freezing Weather
 14541 | D:13     | Noticed a six-headed hydra
 14550 | D:13     | Killed a two-headed hydra
 14840 | D:14     | Noticed a boulder beetle
 14850 | D:14     | Killed a boulder beetle
 14851 | D:14     | Reached skill level 15 in Long Blades
 14873 | D:14     | Reached XP level 13. HP: 113/115 MP: 16/16
 14876 | D:14     | Reached skill level 1 in Armour
 14929 | D:14     | Found a gate to the Vaults.
 15237 | D:14     | Identified the +4 leather armour "Busau" {rC++}
 16111 | Orc:1    | Entered Level 1 of the Orcish Mines
 16526 | Orc:2    | Entered Level 2 of the Orcish Mines
 16526 | Orc:2    | Found Zudd's Distillery.
 16533 | Orc:2    | Found Pojeq's Antique Armour Shoppe.
 17252 | Lair:1   | Entered Level 1 of the Lair of Beasts
 18788 | Lair:2   | Reached XP level 14. HP: 125/125 MP: 17/17
 19235 | Lair:3   | Found a staircase to the Snake Pit.
 19388 | Lair:3   | Found a staircase to the Swamp.
 19496 | Lair:3   | Reached skill level 5 in Armour
 21240 | Lair:4   | Found a staircase to the Slime Pits.
 21710 | Lair:5   | Entered Level 5 of the Lair of Beasts
 22169 | Lair:5   | Found a transporter.
 22413 | Lair:5   | Found a transporter.
 22723 | Lair:5   | Noticed caveywoolpert's ghost (journeyman HOBe)
 23327 | Lair:5   | Reached XP level 15. HP: 106/134 MP: 18/18
 23677 | Lair:5   | Found a one-way gate to the infinite horrors of the Abyss.
 24678 | Orc:2    | Found Xyoph's Assorted Antiques.
 24760 | Orc:2    | Bought a pitted ring mail for 189 gold pieces
 24760 | Orc:2    | Identified the +2 ring mail of the Abyss {rF+ rN+ Int+4}
                  | (You bought it in a shop on level 2 of the Orcish Mines)
 24769 | Orc:2    | Found Zatsys's Antique Armour Emporium.
 24958 | Orc:2    | Found a staircase to the Elven Halls.
 25019 | Orc:2    | Found Cisuis's Magic Scroll Emporium.
 25371 | Orc:2    | Noticed Nessos
 25380 | Orc:2    | Killed Nessos
 25550 | Orc:2    | Bought a clouded golden ring for 155 gold pieces
 25550 | Orc:2    | Identified the ring "Taruxt" {Drain Fly MP+9 Int+3 SInv}
                  | (You bought it in a shop on level 2 of the Orcish Mines)
 25555 | Orc:2    | Bought a glowing scarf for 240 gold pieces
 25555 | Orc:2    | Bought a crude robe for 171 gold pieces
 25555 | Orc:2    | Identified the +2 robe of the Gate {Str+3} (You bought it
                  | in a shop on level 2 of the Orcish Mines)
 25623 | Elf:1    | Entered Level 1 of the Elven Halls
 25627 | Elf:1    | Paralysed by an air elemental for 1 turns
 26729 | Elf:1    | Noticed a Brimstone Fiend
 26747 | Elf:1    | Got the Almanac of Mustering
 26834 | Elf:1    | Found a runed translucent door.
 26837 | Elf:1    | Identified the +8 great sword of Ijibued {drain, rF- Str+3
                  | SInv}
 28147 | Elf:1    | Noticed Qirivub's ghost (journeyman DECj)
 28158 | Elf:1    | Killed Qirivub's ghost
 28164 | Elf:1    | Identified the ring "Vimanol" {rElec rF+ rCorr}
 28332 | D:15     | Entered Level 15 of the Dungeon
 28745 | D:15     | Found a gate leading to a gauntlet.
 28754 | Gauntlet | Entered a Gauntlet
 28754 | Gauntlet | Found a transporter.
 28754 | Gauntlet | Found a transporter.
 28758 | Gauntlet | Found a transporter.
 28758 | Gauntlet | Found a transporter.
 28758 | Gauntlet | Found a transporter.
 28760 | Gauntlet | Found a transporter.
 28768 | Gauntlet | Found a transporter.
 28772 | Gauntlet | Found a transporter.
 28774 | Gauntlet | Found a large runed translucent door.
 28775 | Gauntlet | Found a large runed translucent door.
 28776 | Gauntlet | Found a large runed translucent door.
 28776 | Gauntlet | Found a large runed translucent door.
 28776 | Gauntlet | Found a runed translucent door.
 28776 | Gauntlet | Found a runed translucent door.
 28777 | Gauntlet | Found a large runed translucent door.
 28777 | Gauntlet | Found a large runed translucent door.
 28777 | Gauntlet | Found a large runed translucent door.
 28777 | Gauntlet | Found a large runed translucent door.
 28778 | Gauntlet | Found a large runed translucent door.
 28778 | Gauntlet | Found a large runed translucent door.
 28779 | Gauntlet | Found a large runed translucent door.
 28779 | Gauntlet | Found a large runed translucent door.
 28780 | Gauntlet | Found a runed translucent gate.
 28780 | Gauntlet | Found a runed translucent gate.
 28780 | Gauntlet | Found a runed translucent gate.
 28782 | Gauntlet | Found a transporter.
 28793 | Gauntlet | Found a large runed translucent door.
 28794 | Gauntlet | Found a large runed translucent door.
 28803 | Gauntlet | Found a large runed translucent door.
 28803 | Gauntlet | Found a large runed translucent door.
 28875 | Gauntlet | Found a transporter.
 28930 | Gauntlet | Found a transporter.
 28944 | Gauntlet | Found a transporter.
 29135 | Gauntlet | Identified the ring "Fehekken" {Wiz Int+3}
 29197 | Gauntlet | Identified the +8 halberd of Wolas {freeze, +Blink rF++
                  | rCorr Stlth-}
 29217 | Gauntlet | Identified the +3 helmet of the Gloaming {rPois rF+ Str+2
                  | Dex+4}
 29258 | D:15     | Noticed Roxanne
 29657 | D:15     | Killed Roxanne
 30412 | Orc:2    | Bought a scroll of brand weapon for 152 gold pieces
 30714 | Lair:5   | Killed caveywoolpert's ghost
 31016 | Lair:5   | Identified the +2 hat "Vuwado" {*Corrode Str+6 SInv}
 31236 | D:10     | Reached XP level 16. HP: 144/144 MP: 19/19
 31236 | D:10     | Killed matti1234's ghost
 31680 | Snake:1  | Entered Level 1 of the Snake Pit
 31782 | Snake:1  | Found a transporter.
 32886 | Snake:2  | Noticed Asterion
 32893 | Snake:2  | Killed Asterion
 33654 | Snake:2  | Found a frozen archway.
 33665 | IceCv    | Entered an ice cave
 34903 | Snake:3  | Found Zoonauc's Antique Weapon Emporium.
 34903 | Snake:3  | Found Lohiky's Armour Shoppe.
 35102 | Snake:3  | Noticed Aizul
 35114 | Snake:3  | Killed Aizul
 35595 | Snake:3  | Reached XP level 17. HP: 137/154 MP: 20/20
 36204 | Snake:4  | Entered Level 4 of the Snake Pit
 36667 | Snake:4  | Reached skill level 15 in Dodging
 37316 | Snake:4  | Reached skill level 15 in Fighting
 38061 | Snake:4  | Got a serpentine rune of Zot
 38580 | Swamp:1  | Entered Level 1 of the Swamp
 38831 | Swamp:1  | Noticed Mlioglotl
 38842 | Swamp:1  | Killed Mlioglotl
 40616 | Swamp:3  | Noticed Kirke
 40633 | Swamp:3  | Killed Kirke
 41339 | Swamp:4  | Entered Level 4 of the Swamp
 41405 | Swamp:4  | Reached XP level 18. HP: 168/168 MP: 21/21
 41992 | Swamp:4  | Noticed the 27-headed Lernaean hydra
 42005 | Swamp:4  | Killed the 24-headed Lernaean hydra
 42096 | Swamp:4  | Got a decaying rune of Zot
 42392 | Swamp:4  | Got Sif Muna's Exposition on Earth
 42472 | Swamp:4  | Got the Atlas of Exhumation
 43213 | Elf:2    | Found Ozomukhi's Antique Weapon Shop.
 43886 | Elf:2    | Found a huge runed translucent gate.
 43886 | Elf:2    | Found a huge runed translucent gate.
 43886 | Elf:2    | Found a huge runed translucent gate.
 43887 | Elf:2    | Found a huge runed translucent gate.
 43887 | Elf:2    | Found a huge runed translucent gate.
 44852 | Elf:3    | Entered Level 3 of the Elven Halls
 45677 | Elf:3    | Reached XP level 19. HP: 159/180 MP: 22/22
 45759 | Elf:3    | Identified the +5 robe of the Heavens {Str+4 Dex+2}
 45770 | Elf:3    | Identified the amulet "Weaheishi" {Fly rN+++ Regen+ MP+9
                  | Str-5}
 45780 | Elf:3    | Identified the +6 mace "Bohoufum" {freeze, rF- rN+ Dex+5}
 45783 | Elf:3    | Noticed a Brimstone Fiend
 46587 | Elf:3    | Identified the +0 pair of gloves of the Bouncing Emperors
                  | {+Blink rC+++ rN++ MP-9}
 46593 | Elf:3    | Identified the +0 helmet "Qimeceps" {*Corrode Fly rPois
                  | Will+++}
 47209 | Vaults:1 | Entered Level 1 of the Vaults
 49074 | Vaults:2 | Noticed Bai Suzhen
 49086 | Vaults:2 | Killed Bai Suzhen
 49165 | Vaults:2 | Found a crumbling gateway.
 49173 | Desolati | Entered the Desolation of Salt
 49217 | Desolati | Found the +4 Cigotuvi's embrace {rMiasma Drain rN+}
 49227 | Desolati | Identified the ring "Bius" {rElec rCorr}
 49251 | Desolati | Identified the +0 leather armour of the Comet {Harm rF+}
 50032 | Desolati | Got Ajaaptoe's Spellbook of Chilling Moulding
 50041 | Desolati | Got the Tome of Alluring Contamination
 50161 | Desolati | Got Irghu's Spellbook of the Unclean Escort
 50232 | Desolati | Reached XP level 20. HP: 193/193 MP: 15/24
 50533 | Vaults:2 | Noticed Donald
 50543 | Vaults:2 | Killed Donald
 50819 | Vaults:2 | Found a staircase to the Crypt.
 51549 | Vaults:2 | Noticed Frederick
 51568 | Vaults:2 | Killed Frederick
 54866 | Vaults:4 | Reached XP level 21. HP: 179/203 MP: 16/25
 55715 | Vaults:4 | Identified the +8 chain mail "Goshresu" {rPois rC+ Int+4
                  | Dex-3}
 55742 | Vaults:4 | Noticed a golden dragon
 55755 | Vaults:4 | Killed a golden dragon
 55935 | Vaults:4 | Acquired 634 gold pieces
 55939 | Vaults:4 | Acquired 1131 gold pieces
 56174 | Orc:2    | Bought a potion of haste for 170 gold pieces
 56174 | Orc:2    | Bought a potion of curing for 51 gold pieces
 56174 | Orc:2    | Bought a potion of resistance for 170 gold pieces
 56174 | Orc:2    | Bought a potion of haste for 170 gold pieces
 56174 | Orc:2    | Bought a potion of heal wounds for 85 gold pieces
 56174 | Orc:2    | Bought a potion of heal wounds for 85 gold pieces
 56379 | Slime:1  | Entered Level 1 of the Pits of Slime
 56388 | Slime:1  | Gained mutation: You occasionally lose the ability to read
                  | scrolls when taking damage. [a shining eye]
 56402 | Slime:1  | Gained mutation: You are dopey. (Int -2) [a shining eye]
 57568 | Slime:5  | Entered Level 5 of the Pits of Slime
 57725 | Slime:5  | Noticed the Royal Jelly
 58343 | Slime:5  | Killed the Royal Jelly
 58356 | Slime:4  | HP: 2/205 [acid blob/splash of acid[the Royal Jelly] (15)]
 59557 | Slime:5  | Identified the +5 arbalest "Mahirr" {vorpal, rElec rC+
                  | SInv}
 59612 | Slime:5  | Identified the +8 morningstar of Dust {freeze, rPois SInv}
 59618 | Slime:5  | Identified the +5 plate armour of the Shining Light {+Inv}
 59652 | Slime:5  | Identified the +2 leather armour "Obroyp" {MP+9 Str+2}
 59657 | Slime:5  | Got a slimy rune of Zot
 59944 | Slime:5  | Lost mutation: You occasionally lose the ability to read
                  | scrolls when taking damage. [potion of mutation]
 59944 | Slime:5  | Lost mutation: You are dopey. (Int -2) [potion of mutation]
 59944 | Slime:5  | Gained mutation: Your spells are a little harder to cast,
                  | but a little more powerful. [potion of mutation]
 59944 | Slime:5  | Gained mutation: You are robust. (+10% HP) [potion of
                  | mutation]
 59944 | Slime:5  | Lost mutation: Your spells are a little harder to cast, but
                  | a little more powerful. [potion of mutation]
 59944 | Slime:5  | Gained mutation: You are agile. (Dex +4, Str/Int -1)
                  | [potion of mutation]
 60722 | D:15     | Found a staircase to the Depths.
 60861 | D:15     | Found Samevid's Antique Armour Boutique.
 60871 | D:15     | Bought a slimy leather armour for 196 gold pieces
 60871 | D:15     | Identified the +3 leather armour of Sif Muna's Fury {rN+}
                  | (You bought it in a shop on level 15 of the Dungeon)
 60871 | D:15     | Bought a transparent leather armour for 196 gold pieces
 60871 | D:15     | Identified the +1 leather armour "Ixzeos" {Rampage rF+
                  | Int+5 SInv} (You bought it in a shop on level 15 of the
                  | Dungeon)
 60871 | D:15     | Bought a runed cloak for 210 gold pieces
 61063 | D:15     | Identified the +0 chain mail of Forking Paths {rF++ rN+++
                  | Regen+ Str-2}
 61081 | D:15     | Reached XP level 22. HP: 211/236 MP: 17/26
 61454 | Depths:1 | Entered Level 1 of the Depths
 61601 | Depths:1 | Noticed Nikola
 62275 | Depths:1 | Killed Nikola
 62560 | Depths:1 | Noticed the Enchantress
 62578 | Depths:1 | Killed the Enchantress
 62847 | Depths:1 | Found a one-way gate leading to the halls of Pandemonium.
 63444 | Depths:1 | Found a gateway to Hell.
 63881 | Depths:2 | Noticed a juggernaut
 63952 | Depths:2 | Identified the +6 shortbow "Gabbir" {freeze, Dex+3}
 64185 | Depths:2 | Killed a juggernaut
 64282 | Depths:2 | Noticed a juggernaut
 64290 | Depths:2 | Killed a juggernaut
 64967 | Depths:3 | Paralysed by a floating eye for 4 turns
 65473 | Depths:3 | Noticed Mennas
 65481 | Depths:3 | Killed Mennas
 65606 | Depths:3 | Reached XP level 23. HP: 182/249 MP: 18/27
 65977 | Depths:3 | Identified the -1 pair of boots of Vexation {rElec rN++
                  | Slay+2}
 65977 | Depths:3 | Found the +10 tower shield of Ignorance {rN+ Int-4}
 66424 | Depths:4 | Entered Level 4 of the Depths
 66525 | Depths:4 | Found a gate to the Realm of Zot.
 66917 | Depths:4 | Found Esmas's Weapon Emporium.
 66979 | Depths:4 | Found a one-way gateway to a ziggurat.
 67917 | Vaults:5 | Entered Level 5 of the Vaults
 68564 | Vaults:5 | Noticed a dread lich
 68567 | Vaults:5 | Killed a dread lich
 69639 | Vaults:5 | Noticed a dread lich
 69654 | Vaults:5 | Killed a dread lich
 69655 | Vaults:5 | Reached XP level 24. HP: 244/262 MP: 18/27
 70042 | Vaults:5 | Got the Codex of Kinetic Terrain
 70357 | Vaults:5 | Identified the ring "Oleed" {Int+8 Dex+6 Stlth-}
 70397 | Vaults:5 | Got a silver rune of Zot
 71838 | Crypt:1  | Entered Level 1 of the Crypt
 71864 | Crypt:1  | Identified the ring "Ismeim" {Ice Str-3 Dex+5}
 71864 | Crypt:1  | Noticed Josephina
 71877 | Crypt:1  | Killed Josephina
 73115 | Crypt:2  | Noticed Grunn
 74273 | Crypt:2  | Got the Guidebook on Blasts and the Legion
 74406 | Crypt:2  | Killed Grunn
 74701 | Crypt:3  | Entered Level 3 of the Crypt
 76800 | Crypt:3  | Found a staircase to the Tomb.
 77000 | Crypt:3  | Found the +9 sword of Zonguldrok {reap}
 77438 | Crypt:3  | Identified the +7 halberd "Gass" {elec, *Slow rElec Int+4}
 77438 | Crypt:3  | Noticed a royal mummy
 77489 | Crypt:3  | Killed a royal mummy
 77657 | Crypt:3  | Identified the +6 war axe of the Dwarven Hall {flame, rF++}
 78378 | Crypt:3  | Identified the +6 battleaxe of Contention {protect, rN+}
 78382 | Crypt:3  | Identified the +0 plate armour of Cexaxzel {Drain Str+5}
 78386 | Crypt:3  | Got the Treatise on Called Blasphemous Arts
 78389 | Crypt:3  | Got the Almanac of Stolen Souls
 78998 | Depths:2 | Voluntarily entered the Abyss.
 79120 | Abyss:1  | Reached XP level 25. HP: 275/275 MP: 18/27
 80225 | Abyss:2  | Noticed a dread lich
 80232 | Abyss:2  | Killed a dread lich
 80279 | Abyss:2  | Paralysed by accursed screaming for 1 turns
 80774 | Abyss:3  | Gained mutation: You possess an exceptional clarity of
                  | mind. [a neqoxec]
 81263 | Abyss:3  | Gained mutation: Your body sometimes deteriorates upon
                  | taking damage. [a neqoxec]
 81343 | Abyss:3  | Noticed a dread lich
 81429 | Abyss:3  | Paralysed by accursed screaming for 1 turns
 81432 | Abyss:3  | Killed a dread lich
 81433 | Abyss:3  | Paralysed by accursed screaming for 1 turns
 81443 | Abyss:3  | Paralysed by accursed screaming for 1 turns
 81609 | Depths:2 | Escaped the Abyss
 81854 | Depths:2 | Voluntarily entered the Abyss.
 82039 | Abyss:4  | Reached skill level 27 in Long Blades
 82040 | Depths:2 | Escaped the Abyss
 82041 | Depths:2 | Lost mutation: You are robust. (+10% HP) [potion of
                  | mutation]
 82041 | Depths:2 | Lost mutation: You possess an exceptional clarity of mind.
                  | [potion of mutation]
 82041 | Depths:2 | Gained mutation: You occasionally lose the ability to read
                  | scrolls when taking damage. [potion of mutation]
 82041 | Depths:2 | Gained mutation: You sometimes lose the ability to read
                  | scrolls when taking damage. [potion of mutation]
 82041 | Depths:2 | Gained mutation: You are robust. (+10% HP) [potion of
                  | mutation]
 82042 | Depths:2 | Lost mutation: You are robust. (+10% HP) [potion of
                  | mutation]
 82042 | Depths:2 | Lost mutation: Your body sometimes deteriorates upon taking
                  | damage. [potion of mutation]
 82042 | Depths:2 | Gained mutation: You sometimes lose your temper in combat.
                  | [potion of mutation]
 82042 | Depths:2 | Gained mutation: Your spells are a little easier to cast,
                  | but a little less powerful. [potion of mutation]
 82042 | Depths:2 | Gained mutation: You are covered in fur. (AC +1) [potion of
                  | mutation]
 82043 | Depths:2 | Lost mutation: You sometimes lose your temper in combat.
                  | [potion of mutation]
 82043 | Depths:2 | Lost mutation: Your spells are a little easier to cast, but
                  | a little less powerful. [potion of mutation]
 82043 | Depths:2 | Gained mutation: You are occasionally teleported next to
                  | monsters. [potion of mutation]
 82043 | Depths:2 | Gained mutation: You have sharp fingernails. [potion of
                  | mutation]
 82044 | Depths:2 | Lost mutation: You have sharp fingernails. [potion of
                  | mutation]
 82044 | Depths:2 | Lost mutation: You are agile. (Dex +4, Str/Int -1) [potion
                  | of mutation]
 82044 | Depths:2 | Lost mutation: You sometimes lose the ability to read
                  | scrolls when taking damage. [potion of mutation]
 82044 | Depths:2 | Gained mutation: You have a considerably increased
                  | reservoir of magic. (+20% MP) [potion of mutation]
 82044 | Depths:2 | Gained mutation: You occasionally lose the ability to drink
                  | potions when taking damage. [potion of mutation]
 82045 | Depths:2 | Lost mutation: You have a considerably increased reservoir
                  | of magic. (+20% MP) [potion of mutation]
 82045 | Depths:2 | Lost mutation: You are occasionally teleported next to
                  | monsters. [potion of mutation]
 82045 | Depths:2 | Lost mutation: You occasionally lose the ability to read
                  | scrolls when taking damage. [potion of mutation]
 82045 | Depths:2 | Lost mutation: You occasionally lose the ability to drink
                  | potions when taking damage. [potion of mutation]
 82045 | Depths:2 | Gained mutation: Your muscles are strong. (Str +4, Int/Dex
                  | -1) [potion of mutation]
 82046 | Depths:2 | Lost mutation: Your muscles are strong. (Str +4, Int/Dex
                  | -1) [potion of mutation]
 82046 | Depths:2 | Lost mutation: You are covered in fur. (AC +1) [potion of
                  | mutation]
 82046 | Depths:2 | Gained mutation: You are partially covered in iridescent
                  | scales. (AC +2) [potion of mutation]
 82073 | Hell     | Entered the Vestibule of Hell
 82075 | Hell     | Noticed Geryon
 82087 | Hell     | Noticed Murray
 82106 | Hell     | Killed Murray
 82113 | Hell     | Noticed an ancient lich
 82116 | Hell     | Reached skill level 1 in Stealth
 82118 | Hell     | Killed an ancient lich
 82681 | Hell     | Reached XP level 26. HP: 211/264 MP: 18/27
 82687 | Hell     | Killed Geryon
 82711 | Hell     | Found a gateway to the Iron City of Dis.
 82966 | Hell     | Found a gateway to the freezing wastes of Cocytus.
 83028 | Hell     | Found a gateway to the decaying netherworld of Tartarus.
 83100 | Hell     | Found a gateway to the ashen valley of Gehenna.
 83689 | Zot:1    | Entered Level 1 of the Realm of Zot
 83699 | Zot:1    | Reached skill level 1 in Shields
 83708 | Zot:1    | Reached skill level 27 in Dodging
 83948 | Zot:1    | Got Sif Muna's Quarto of Transmuted Gusts
 84116 | Zot:1    | Reached skill level 5 in Shields
 86409 | Zot:3    | Noticed an orb of fire
 86409 | Zot:3    | Gained mutation: You occasionally lose the ability to read
                  | scrolls when taking damage. [an orb of fire]
 86582 | Pan      | Entered Pandemonium
 86823 | Pan      | Found an exit through the horrors of the Abyss.
 86864 | Pan      | Reached skill level 10 in Shields
 86999 | Pan      | Noticed Riahyn the pandemonium lord
 87013 | Pan      | Killed Riahyn the pandemonium lord
 87355 | Pan      | Identified the amulet "Coyjutov" {Faith Stlth+}
 88453 | Pan      | Reached skill level 5 in Stealth
 88918 | Pan      | Gained mutation: You are weak. (Str -2) [a neqoxec]
 88919 | Pan      | Gained mutation: You are frail. (-10% HP) [a neqoxec]
 89143 | Pan      | Gained mutation: You are very weak. (Str -4) [a neqoxec]
 89208 | Pan      | Noticed Esioh the pandemonium lord
 89369 | Pan      | Gained mutation: You are very frail. (-20% HP) [a neqoxec]
 89759 | Pan      | Gained mutation: You occasionally lose the ability to drink
                  | potions when taking damage. [a neqoxec]
 90031 | Pan      | Reached XP level 27. HP: 216/216 MP: 18/27
 90137 | Pan      | Killed Esioh the pandemonium lord
 90377 | Pan      | Noticed Zimynur the pandemonium lord
 90380 | Pan      | Reached skill level 10 in Stealth
 90381 | Pan      | Killed Zimynur the pandemonium lord
 90960 | Pan      | Gained mutation: You are occasionally teleported next to
                  | monsters. [a neqoxec]
 91286 | Pan      | Lost mutation: You occasionally lose the ability to read
                  | scrolls when taking damage. [potion of mutation]
 91286 | Pan      | Lost mutation: You are very frail. (-20% HP) [potion of
                  | mutation]
 91286 | Pan      | Lost mutation: You are partially covered in iridescent
                  | scales. (AC +2) [potion of mutation]
 91286 | Pan      | Gained mutation: Your mind is acute. (Int +4, Str/Dex -1)
                  | [potion of mutation]
 91286 | Pan      | Gained mutation: You have a considerably increased
                  | reservoir of magic. (+20% MP) [potion of mutation]
 91287 | Pan      | Lost mutation: Your mind is acute. (Int +4, Str/Dex -1)
                  | [potion of mutation]
 91287 | Pan      | Lost mutation: You are very weak. (Str -4) [potion of
                  | mutation]
 91287 | Pan      | Lost mutation: You have a considerably increased reservoir
                  | of magic. (+20% MP) [potion of mutation]
 91288 | Pan      | Lost mutation: You are occasionally teleported next to
                  | monsters. [potion of mutation]
 91288 | Pan      | Lost mutation: You are frail. (-10% HP) [potion of
                  | mutation]
 91288 | Pan      | Lost mutation: You occasionally lose the ability to drink
                  | potions when taking damage. [potion of mutation]
 91288 | Pan      | Gained mutation: You have a considerably increased
                  | reservoir of magic. (+20% MP) [potion of mutation]
 91288 | Pan      | Gained mutation: Your flesh is heat resistant. (rF+)
                  | [potion of mutation]
 91456 | Pan      | Noticed Laekaho the pandemonium lord
 91496 | Pan      | Killed Laekaho the pandemonium lord
 92423 | Pan      | Entered the realm of Cerebov.
 92478 | Pan      | Acquired a +5 double sword of freezing
 92480 | Pan      | Acquired a manual of Armour
 92777 | Pan      | Reached skill level 27 in Fighting
 93407 | Pan      | Found the +6 sword of Cerebov {flame}
 93407 | Pan      | Noticed Cerebov
 93472 | Pan      | Killed Cerebov
 93589 | Pan      | Identified the +1 buckler of the Decaying God {rN+ Int+7}
 93642 | Pan      | Identified the +1 helmet of Masochism {rN+ Int+5}
 93676 | Pan      | Identified the +1 pair of gloves of Axommar {Will+ Regen+
                  | Slay+3}
 93677 | Pan      | Identified the +4 spear "Grim" {vorpal, *Rage rElec rF++
                  | rC+}
 93702 | Pan      | Identified the +1 chain mail of Fortification {Harm +Inv}
 93721 | Pan      | Identified the +1 spear "Jajodoiq" {elec, rF- Int+6 Dex-5}
 93751 | Pan      | Got a fiery rune of Zot
 93972 | Pan      | Entered the realm of Mnoleg.
 94014 | Pan      | Gained mutation: You are clumsy. (Dex -2) [a neqoxec]
 94028 | Pan      | Gained mutation: Potions are less effective at restoring
                  | your health. [a neqoxec]
 94047 | Pan      | Lost mutation: You have a considerably increased reservoir
                  | of magic. (+20% MP) [a neqoxec]
 94067 | Pan      | Noticed Mnoleg
 94074 | Pan      | Gained mutation: You are frail. (-10% HP) [a neqoxec]
 94087 | Pan      | Killed Mnoleg
 94087 | Pan      | Gained mutation: Armour fits poorly on your strangely
                  | shaped body. [a neqoxec]
 94098 | Pan      | Gained mutation: You are very clumsy. (Dex -4) [a
                  | cacodemon]
 94122 | Pan      | Gained mutation: Your spells are a little easier to cast,
                  | but a little less powerful. [a cacodemon]
 94153 | Pan      | Got a glowing rune of Zot
 94168 | Pan      | Gained mutation: You have a pair of small horns on your
                  | head. [a neqoxec]
 94174 | Pan      | Gained mutation: You have a considerably increased
                  | reservoir of magic. (+20% MP) [a cacodemon]
 94175 | Pan      | Gained mutation: You sometimes lose your temper in combat.
                  | [a cacodemon]
 94240 | Pan      | Lost mutation: You have a considerably increased reservoir
                  | of magic. (+20% MP) [potion of mutation]
 94240 | Pan      | Lost mutation: Your spells are a little easier to cast, but
                  | a little less powerful. [potion of mutation]
 94240 | Pan      | Lost mutation: You have a pair of small horns on your head.
                  | [potion of mutation]
 94240 | Pan      | Lost mutation: You sometimes lose your temper in combat.
                  | [potion of mutation]
 94240 | Pan      | Gained mutation: You are covered in fur. (AC +1) [potion of
                  | mutation]
 94240 | Pan      | Gained mutation: Your natural rate of healing is unusually
                  | fast. [potion of mutation]
 94262 | Pan      | Found an exit through the horrors of the Abyss.
 94294 | Pan      | Reached skill level 15 in Stealth
 94485 | Pan      | Noticed Nijobb the pandemonium lord
 94555 | Pan      | Killed Nijobb the pandemonium lord
 95291 | Pan      | Reached skill level 15 in Shields
 95331 | Pan      | Got a demonic rune of Zot
 95476 | Pan      | Noticed Oggutib the pandemonium lord
 95491 | Pan      | Killed Oggutib the pandemonium lord
 95576 | Pan      | Identified the +4 robe of Dishonesty {Slay+4 Stlth+}
 96344 | Pan      | Noticed Hyng the pandemonium lord
 96359 | Pan      | Killed Hyng the pandemonium lord
 97020 | Pan      | Entered the realm of Gloorx Vloq.
 97034 | Pan      | Identified the +11 spear of the Pits of Slime {elec,
                  | Stlth+}
 97981 | Pan      | Found an exit through the horrors of the Abyss.
 98390 | Pan      | Noticed Gloorx Vloq
 98401 | Pan      | HP: 11/245 [Executioner[Gloorx Vloq] (6)]
 98412 | Pan      | HP: 11/245 [Executioner[Gloorx Vloq] (7)]
 99530 | Pan      | Killed Gloorx Vloq
 99539 | Pan      | Got a dark rune of Zot
100135 | Pan      | Found a runed translucent door.
100485 | Pan      | Found an exit through the horrors of the Abyss.
100911 | Pan      | Noticed Lidowner the pandemonium lord
100921 | Pan      | Killed Lidowner the pandemonium lord
100924 | Pan      | Lost mutation: Your natural rate of healing is unusually
                  | fast. [potion of mutation]
100924 | Pan      | Lost mutation: You are covered in fur. (AC +1) [potion of
                  | mutation]
100924 | Pan      | Lost mutation: You are weak. (Str -2) [potion of mutation]
100924 | Pan      | Gained mutation: Your muscles are strong. (Str +4, Int/Dex
                  | -1) [potion of mutation]
100924 | Pan      | Gained mutation: You have hidden genetic defects. [potion
                  | of mutation]
101019 | Pan      | Identified the +12 lajatang of Lies {elec, *Noise rElec
                  | rN+}
101100 | Pan      | Lost mutation: Potions are less effective at restoring your
                  | health. [potion of mutation]
101100 | Pan      | Lost mutation: You are frail. (-10% HP) [potion of
                  | mutation]
101100 | Pan      | Lost mutation: You have hidden genetic defects. [potion of
                  | mutation]
101254 | Pan      | Noticed Woamp the pandemonium lord
101262 | Pan      | Killed Woamp the pandemonium lord
101597 | Pan      | Entered the realm of Lom Lobon.
102365 | Pan      | Noticed Lom Lobon
102378 | Pan      | Killed Lom Lobon
102406 | Pan      | Got a magical rune of Zot
102547 | Pan      | Lost mutation: Your flesh is heat resistant. (rF+) [potion
                  | of mutation]
102547 | Pan      | Lost mutation: Your muscles are strong. (Str +4, Int/Dex
                  | -1) [potion of mutation]
102547 | Pan      | Gained mutation: You expend magic power (3 MP) to
                  | strengthen your wands. [potion of mutation]
103170 | Pan      | Gained mutation: You occasionally lose the ability to drink
                  | potions when taking damage. [a cacodemon]
103311 | Pan      | Found a transporter.
103396 | Pan      | Found a transporter.
103781 | Pan      | Identified the ring of Nastu {Contam rPois Str+6 Int+3}
103785 | Pan      | Identified the +2 pair of boots of Blue Skies {rC- Str+9
                  | Int+5}
104023 | Pan      | Found an exit through the horrors of the Abyss.
104252 | Pan      | Noticed Masuru the pandemonium lord
104267 | Pan      | Killed Masuru the pandemonium lord
105157 | Pan      | Found a transporter.
105195 | Pan      | Gained mutation: You are weak. (Str -2) [a neqoxec]
105386 | Pan      | Identified the ring "Zuffan Idue" {Will+ Str+6 Dex+4}
105635 | Pan      | Found a transporter.
105672 | Pan      | Gained mutation: You are very weak. (Str -4) [a cacodemon]
105676 | Pan      | Gained mutation: You occasionally shout uncontrollably at
                  | your foes. [a cacodemon]
105682 | Pan      | Gained mutation: Your body sometimes deteriorates upon
                  | taking damage. [a cacodemon]
106064 | Pan      | Identified the amulet "Teax" {Regen+ Dex+2}
106075 | Pan      | Identified the ring "Daec Ihi" {rC+ rCorr Str+3}
106134 | Pan      | Found an exit through the horrors of the Abyss.
106889 | Pan      | Noticed Resmadak the pandemonium lord
106900 | Pan      | Killed Resmadak the pandemonium lord
107542 | Pan      | Noticed Lirraluh the pandemonium lord
107542 | Pan      | Found a runed translucent door.
107559 | Pan      | Found an exit through the horrors of the Abyss.
107570 | Pan      | Gained mutation: You frequently scream uncontrollably at
                  | your foes. [a cacodemon]
107838 | Pan      | HP: 9/273 [Lirraluh the pandemonium lord (40)]
108755 | Pan      | Killed Lirraluh the pandemonium lord
109084 | Pan      | Noticed Ynaduqih the pandemonium lord
109086 | Pan      | Killed Ynaduqih the pandemonium lord
109093 | Pan      | Gained mutation: You sometimes lose your temper in combat.
                  | [a neqoxec]
109271 | Pan      | Identified the +3 rapier "Acarinebane" {flame, Fly rC+
                  | Str+4}
109601 | Pan      | Found an exit through the horrors of the Abyss.
110322 | Pan      | Noticed Unoriwn the pandemonium lord
110328 | Pan      | Killed Unoriwn the pandemonium lord
110536 | Pan      | Lost mutation: You occasionally lose the ability to drink
                  | potions when taking damage. [a neqoxec]
111643 | Pan      | Noticed Wamasil the pandemonium lord
111651 | Pan      | Killed Wamasil the pandemonium lord
111966 | Pan      | Found an exit through the horrors of the Abyss.
112473 | Pan      | Noticed Wasyumiu the pandemonium lord
112488 | Pan      | Killed Wasyumiu the pandemonium lord
113181 | Pan      | Noticed Onepanes the pandemonium lord
113193 | Pan      | Killed Onepanes the pandemonium lord
113351 | Pan      | Found an exit through the horrors of the Abyss.
113633 | Pan      | Noticed Ythipo the pandemonium lord
113640 | Pan      | Killed Ythipo the pandemonium lord
114031 | Pan      | Found an exit through the horrors of the Abyss.
114149 | Pan      | Noticed Kirejiak the pandemonium lord
114159 | Pan      | Killed Kirejiak the pandemonium lord
115122 | Pan      | Noticed Pawoluuph the pandemonium lord
115134 | Pan      | Killed Pawoluuph the pandemonium lord
115135 | Pan      | Gained mutation: You occasionally lose the ability to drink
                  | potions when taking damage. [a neqoxec]
115453 | Pan      | Identified the +2 pair of boots of Mump {Drain rC+ Str+3}
115464 | Pan      | Found an exit through the horrors of the Abyss.
115902 | Pan      | Gained mutation: You are dopey. (Int -2) [a neqoxec]
117128 | Pan      | Found an exit through the horrors of the Abyss.
117645 | Pan      | Noticed Yhourchuel the pandemonium lord
117655 | Pan      | Killed Yhourchuel the pandemonium lord
117804 | Pan      | Identified the +0 ring mail "Laidues" {SInv}
118311 | Pan      | Noticed Hiotud the pandemonium lord
118322 | Pan      | Killed Hiotud the pandemonium lord
118760 | Pan      | Identified the +1 robe of Quiet Fog {Fly rPois Stlth+}
118947 | Pan      | Found an exit through the horrors of the Abyss.
119268 | Pan      | Identified the ring "Migomott" {rF+ rC+ Str+2}
119412 | Pan      | Reached skill level 27 in Stealth
120393 | Pan      | Noticed Losoz the pandemonium lord
120403 | Pan      | Killed Losoz the pandemonium lord
121638 | Pan      | Noticed Gisiw the pandemonium lord
121648 | Pan      | Killed Gisiw the pandemonium lord
122292 | Pan      | Found an exit through the horrors of the Abyss.
122757 | Pan      | Found an exit through the horrors of the Abyss.
123072 | Pan      | Gained mutation: You are frail. (-10% HP) [a neqoxec]
123215 | Pan      | Noticed Ziaro the pandemonium lord
123219 | Pan      | Killed Ziaro the pandemonium lord
123502 | Pan      | Reached skill level 27 in Shields
123539 | Pan      | Reached skill level 10 in Armour
123570 | Pan      | Found an exit through the horrors of the Abyss.
123784 | Pan      | Acquired a +4 double sword of holy wrath
123835 | Pan      | Identified the +3 buckler of Fashionability {Rampage Str+3}
124270 | Pan      | Noticed Yluwor the pandemonium lord
124290 | Pan      | Killed Yluwor the pandemonium lord
124996 | Pan      | Noticed Nonwyzask the pandemonium lord
125004 | Pan      | Killed Nonwyzask the pandemonium lord
125162 | Pan      | Gained mutation: Your body often deteriorates upon taking
                  | damage. [a cacodemon]
125518 | Pan      | Found an exit through the horrors of the Abyss.
125549 | Pan      | Gained mutation: You are very dopey. (Int -4) [a cacodemon]
125791 | Pan      | Reached skill level 15 in Armour
126005 | Pan      | Gained mutation: You have hidden genetic defects. [a
                  | cacodemon]
126011 | Pan      | Noticed Papa the pandemonium lord
126030 | Pan      | Killed Papa the pandemonium lord
126920 | Pan      | Noticed Tyiwuvuar the pandemonium lord
126937 | Pan      | Killed Tyiwuvuar the pandemonium lord
127823 | Pan      | Gained mutation: You occasionally lose the ability to read
                  | scrolls when taking damage. [hidden defects]
128635 | Pan      | Noticed Hynumun the pandemonium lord
128643 | Pan      | Killed Hynumun the pandemonium lord
128846 | Pan      | Lost mutation: You are very clumsy. (Dex -4) [a neqoxec]
129586 | Pan      | Noticed Seiffyg the pandemonium lord
129592 | Pan      | Killed Seiffyg the pandemonium lord
130254 | Pan      | Gained mutation: You have an uncontrollable temper. [hidden
                  | defects]
130254 | Pan      | Lost mutation: You have hidden genetic defects. [hidden
                  | defects expressed]
130417 | Pan      | Found an exit through the horrors of the Abyss.
130651 | Pan      | Noticed Heyzuss the pandemonium lord
130664 | Pan      | Killed Heyzuss the pandemonium lord
131317 | Pan      | Found an exit through the horrors of the Abyss.
132029 | Pan      | Noticed a seraph
132039 | Pan      | Killed a seraph
132096 | Pan      | Identified the +8 broad axe of the Smoking Gods {antimagic,
                  | *Corrode Will+ Int+10 Dex-5}
132097 | Pan      | Identified the +1 scale mail "Ten Cucu" {Fly rCorr Slay+4
                  | Stlth-}
132107 | Pan      | Identified the +8 spear of Prudence {antimagic, Stlth+}
132108 | Pan      | Identified the +9 broad axe of the Wizarding Wasp {spect,
                  | rElec Stlth+}
132200 | Pan      | Identified the ring "Goreban" {Wiz *Slow Int+5}
132602 | Pan      | HP: 6/245 [daeva/divine providence (16)]
132604 | Pan      | Killed from afar by a daeva

Illustrated notes

Levels and vault maps discovered:
D:1:      roderic_octagonal_star, layout_basic
D:2:      layout_loops_ring, serial_undead, serial_undead_a, serial_undead_e,
          serial_undead_e, serial_undead_b
D:3:      layout_basic, grunt_temple_overflow_order_and_chaos_1,
          marbit_many_paths, hellmonk_ecumenical_altar_blasted,
          portal_sewer_entry_a, serial_park_tiny_1
D:4:      layout_gridville, lemuel_blue_sif_altar, uniq_eustachio
D:5:      layout_basic, minmay_temple_entry_slanted
D:6:      layout_cave_pods, okawaru_trees_2, mainiacjoe_overflow_24_doors,
          uniq_pikel
D:7:      layout_cave_pools, old_standard_altar,
          lightli_ossuary_entry_decrepit_ruins, uniq_menkaure
D:8:      layout_rooms, ashenzari_conservatory_becter, dpeg_lair_monsters,
          uniq_gastronok, uniq_psyche
D:9:      minmay_angry_zag, layout_basic, mainiacjoe_overflow_tiny_flanked,
          minmay_pinched_square
D:10:     gammafunk_corrupted_shrine, layout_loops_cross, gammafunk_ghost_ooze,
          uniq_harold, uniq_lodul
D:11:     layout_small_grid, minmay_orc_entry_temple_small
D:12:     layout_basic, serial_rivers, chequers_serial_rivers_large_a,
          chequers_serial_rivers_micro_c, chequers_serial_rivers_micro_c,
          chequers_serial_rivers_room_b, chequers_serial_rivers_micro_c,
          chequers_serial_rivers_room_a
D:13:     layout_small_grid, minmay_variable_closet, kennysheep_path_1,
          st_stairs_10, zin_scriptorium
D:14:     layout_grid_maze, erik_vaults_1, skrybe_limestone_x
D:15:     gammafunk_enter_depths_forms, layout_layer_cave, serial_shops, shop,
          gauntlet_entry_generic, hangedman_corner_corridor, uniq_roxanne
Lair:1:   layout_misc_corridors, basic_altar
Lair:2:   layout_cave_pods, grunt_megastairs_2, infiniplex_staircase_pool
Lair:3:   layout_gridlike, skrybe_swamp_entry_bodies, dummy_snake_entry,
          chequers_serial_rivers_small_a
Lair:4:   layout_cave_pods, dpeg_slime_entry_corner
Lair:5:   hellmonk_lair_end_abyssal_woods, layout_gridlike,
          gammafunk_ghost_berserking_beasts, serial_bayou_lagoon_b
Swamp:1:  layout_falls_marsh, nicolae_swamp_oxbows, infiniplex_staircase_pool_2,
          uniq_mlioglotl
Swamp:2:  layout_basic_swamp, evilmike_swamp_ruin_house_1
Swamp:3:  layout_basic_swamp, nicolae_swamp_decorative_isthmus, swamp_pool1,
          uniq_kirke
Swamp:4:  grunt_swamp_rune_castle, layout_basic_swamp, swamp_pool2,
          beargit_kiku_chapel
Snake:1:  gammafunk_sealed_library, layout_cave_shapes, nicolae_snake_shapes
Snake:2:  nicolae_snakescales, layout_basic,
          portal_ice_cave_entry_ice_statue_one,
          nicolae_snake_salamander_jacuzzi, uniq_asterion
Snake:3:  layout_grid_shapes, nicolae_snake_gridmaze_zigzag, minmay_shoptagon,
          uniq_aizul
Snake:4:  johnstein_snake_rune_scales, layout_cave_town,
          nicolae_snake_double_loop
Slime:1:  layout_caves, nicolae_slime_barrier
Slime:2:  layout_caves
Slime:3:  layout_caves
Slime:4:  layout_caves
Slime:5
Orc:1:    layout_caves, minmay_orc_barracks, uniq_erolcha
Orc:2:    st_orc_open, layout_caves, serial_shops, nicolae_shop_crystal,
          nooodl_orcs_dogs, uniq_nessos
Elf:1:    nicolae_elf_arrival_aired_out, layout_gridlike,
          ebering_ghost_reflecting_pool, minmay_elf_demonology,
          lemuel_upstairs_altar
Elf:2:    elven_hall_of_blades_hangedman_alternative
          [nicolae_blade_entry_area_security], layout_loops_corners,
          serial_shops, nicolae_shop_overgrown_old_shop
Elf:3:    minmay_elf_hall_not_hex, layout_geoelf_diagonals
Vaults:1: nicolae_vaults_border_crossing, vaults_room_semicircle,
          ontoclasm_vaults_eye, nicolae_vaults_windows_and_doors_thing,
          vaults_dpeg_emergency_exit, st_lines, layout_vaults_quadrants
Vaults:2: portal_desolation_entry_garden, v_misc_3, vaults_room_pool,
          hangedman_vaults_cutoff, ontoclasm_vaults_ring_small,
          nicolae_vaults_little_squares_1, v_pattern_5, v_misc_5, v_misc_33,
          nicolae_vaults_fighting_squares, minmay_crypt_entry_simple_sparse,
          v_misc_17, layout_vaults_maze, uniq_bai_suzhen, uniq_donald,
          uniq_frederick
Vaults:3: ontoclasm_vaults_ring_square, hangedman_vaults_impose, v_misc_3,
          vaults_room_fancy_cross, v_alt_pattern_3, vaults_room_fours,
          nicolae_vaults_ring_of_whatevers, nicolae_vaults_little_squares_4,
          vaults_room_door_hall, vaults_room_grid, st_spiral_rooms, v_misc_30,
          ontoclasm_vaults_twist, nicolae_vaults_diagonal_hallway_7,
          vaults_dpeg_hooks, layout_vaults_omnicross
Vaults:4: ontoclasm_vaults_hangar, nicolae_vaults_twisting_passages,
          dpeg_vaults_monster_row, nicolae_vaults_specimen_jars,
          nicolae_vaults_what_the_h, st_greater_box_2, v_alt_pattern_4,
          vaults_mumra_chevron, ontoclasm_vaults_ring_small, v_misc_30,
          v_misc_17, grunt_vaults_focal, vaults_dpeg_diagonal,
          grunt_vaults_twisty, vaults_room_pool, layout_vaults_omnibox
Vaults:5: serial_shops
Crypt:1:  layout_misc_corridors, uniq_josephina
Crypt:2:  cheibrodos_crypt_down_in_the_bonehoard, layout_regular_city,
          uniq_grunn
Crypt:3:  church_of_pain_bobbens, layout_chaotic_city, basic_altar,
          minmay_guarded_unrand_zonguldrok
Depths:1: layout_gridlike, pf_coc_iceberg, grunt_pan_entry_zigzag,
          lemuel_coloured_pillars_altar, minivault_10,
          nicolae_figureground_pulse, serial_bayou_shore_b, uniq_nikola,
          uniq_enchantress
Depths:2: minmay_bad_star, layout_cave_pools, abyss_entry, hell_entry,
          nemelex_diamond_rough_becter, pan_entry
Depths:3: minmay_the_grid_octo_tiled_squarecenter_mashed
          [minmay_the_grid_octo_chip, minmay_the_grid_octo_vomiting_pacman,
          minmay_the_grid_octo_tetromino_candy, minmay_the_grid_octo_odd_swirl,
          minmay_the_grid_square_5x5_megaprize_checkered,
          minmay_the_grid_square_5x5_two, minmay_the_grid_square_5x5_n,
          minmay_the_grid_square_5x5_gyroscope,
          minmay_the_grid_square_5x5_fancy_junction], layout_gridville,
          minmay_room_of_horrors, old_standard_altar, hell_entry,
          infiniplex_staircase_split_hallway, uniq_mennas
Depths:4: grunt_crosshair, layout_honeycomb, enter_ziggurat_b, serial_shops,
          shop, grunt_mini_vestibule, grunt_pan_entry_spiral
Hell
Zot:1:    layout_gridlike, basic_altar
Zot:2:    lemuel_draconian_sentries_small, layout_cathedral_of_symmetry,
          st_stairs_3
Zot:3:    grunt_zot_stairs_faceoff, layout_gridlike
Pan:      evilmike_mini_pan_T, layout_small_grid, pan_blood_fountain_small,
          nicolae_pan_lom_lobonic_3, grunt_pan_sceptre, layout_cellular_growth,
          grunt_pan_spiral, layout_gridlike, pan_blood_fountain_small,
          nicolae_pan_sigil_uleosi, nicolae_pan_glass_arcs,
          layout_irregular_city, nicolae_pan_gloorx_vloqian_2,
          reaverb_pan_figure_eight, cerebov, layout_basic, mnoleg,
          layout_gridlike, nicolae_pan_hourglass, layout_grid_shapes,
          nicolae_pan_strange_glyphs [nicolae_pan_strange_glyph_envy,
          nicolae_pan_strange_glyph_envy], evilmike_mini_pan_doors,
          layout_irregular_city, pan_blood_fountain_small,
          nicolae_pan_lom_lobonic_3, evilmike_mini_pan_possible_glass,
          layout_stronghold, gloorx_vloq_grunt_torture_chamber, layout_chambers,
          nicolae_pan_sigil_obb, rand_demon_9, layout_chambers,
          pan_blood_fountain, grunt_pan_spiral, layout_basic, lom_lobon,
          layout_small_grid, gammafunk_the_bubble [the_bubble_gammafunk_crates],
          layout_grid_shapes, evilmike_mini_pan_3x3, layout_gridlike,
          gammafunk_dig_for_victory, layout_grid_shapes,
          evilmike_mini_pan_thingy, layout_stronghold,
          regret_index_pan_draining_boxed, layout_pan_divisions_b
          [pan_division_quadrant_b4, pan_division_quadrant_b2,
          pan_division_quadrant_b1, pan_division_quadrant_b3], rand_demon_3,
          layout_basic, rand_demon_2, layout_long_grid, lemuel_hellion_island,
          layout_grid_shapes, evilmike_mini_pan_V, layout_pan_divisions_a
          [pan_division_quadrant_a3, pan_division_quadrant_a4,
          pan_division_quadrant_a3, pan_division_quadrant_a3,
          pan_division_octagon_empty], evilmike_mini_pan_possible_glass,
          layout_rooms, rand_demon_3, layout_grid_shapes, pan_blood_fountain,
          evilmike_mini_pan_corner, layout_irregular_city,
          pan_blood_fountain_small, grunt_pan_sceptre, layout_pan_divisions_a
          [pan_division_quadrant_a3, pan_division_quadrant_a2,
          pan_division_quadrant_a4, pan_division_quadrant_a5,
          pan_division_octagon_halves], evilmike_mini_pan_thingy,
          layout_cellular_growth, rand_demon_2, layout_cellular_growth,
          rand_demon_3, layout_long_grid, nicolae_pan_gloorx_vloqian_2,
          reaverb_pan_squares, lemuel_hall_of_pain, layout_chambers,
          nicolae_pan_mnolegish_3, rand_demon_3, layout_pan_divisions_a
          [pan_division_quadrant_a3, pan_division_quadrant_a4,
          pan_division_quadrant_a1, pan_division_quadrant_a2,
          pan_division_octagon_empty], nicolae_pan_cerebovesque_2, rand_demon_4,
          layout_gridlike, pan_blood_fountain_2, grunt_pan_frozen_over,
          layout_cellular_growth, rand_demon_1, layout_pan_divisions_a
          [pan_division_quadrant_a3, pan_division_quadrant_a2,
          pan_division_quadrant_a6, pan_division_quadrant_a5,
          pan_division_octagon_empty], evilmike_mini_pan_thingy,
          layout_gridlike, pan_blood_fountain_2, evilmike_mini_pan_V,
          layout_stronghold, rand_demon_8, layout_pan_divisions_a
          [pan_division_quadrant_a4, pan_division_quadrant_a4,
          pan_division_quadrant_a3, pan_division_quadrant_a3,
          pan_division_octagon_empty], evilmike_mini_pan_branches,
          layout_stronghold, nicolae_pan_double_arrow, layout_irregular_city,
          pan_blood_fountain_small, evilmike_holy_pan

Skill      XL: |  1  2  3  4  5  6  7  8  9 10 11 12 13 14 15 16 17 18 19 20 21 22 23 24 25 26 27 |
---------------+----------------------------------------------------------------------------------+-----
Fighting       | 2 3 4 5 7 8 9 10 11 12 13 14 16 18 19 20 22 23 24 25 26 27 | 27.0
Long Blades    | 3 4 5 6 8 10 11 13 15 16 17 18 20 21 22 23 24 26 27 | 27.0
Dodging        | 3 4 5 6 7 8 9 11 12 13 14 16 18 19 20 22 23 24 25 26 27 | 27.0
Armour         | 4 6 8 9 20 | 20.7
Stealth        | 2 9 27 | 27.0
Shields        | 12 27 | 27.0
Throwing       | |  1.7

Action                   |  1- 3 |  4- 6 |  7- 9 | 10-12 | 13-15 | 16-18 | 19-21 | 22-24 | 25-27 || total
-------------------------+-------+-------+-------+-------+-------+-------+-------+-------+-------++-------
Melee: Long sword        |    97 |   249 |   361 |   192 |    38 |       |       |       |       ||   937
       Punch             |     2 |     6 |     5 |     3 |     1 |       |       |       |       ||    17
       Great sword       |       |       |       |   396 |  1039 |  1272 |  1689 |  1625 |  1935 ||  7956
       Eudemon blade     |       |       |       |       |       |       |       |       |  3581 ||  3581
Throw: Throwing net      |       |       |       |       |       |       |     4 |     1 |     1 ||     6
 Abil: Evoke Blink       |       |       |       |       |       |       |     2 |       |       ||     2
Evoke: Wand              |       |       |       |       |       |       |     1 |       |     7 ||     8
  Use: Scroll            |     1 |     9 |    11 |     8 |     3 |     2 |    14 |    21 |    45 ||   114
       Potion            |       |     1 |    15 |     6 |       |     3 |     6 |    12 |    39 ||    82
 Stab: Sleeping          |     2 |     1 |     6 |     5 |     9 |    14 |    19 |    11 |    30 ||    97
       Distracted        |       |     1 |       |       |     6 |     6 |     9 |    38 |   462 ||   522
       Invisible         |       |       |       |     9 |       |     1 |       |     2 |       ||    12
       Held in net/web   |       |       |       |       |       |       |     6 |     1 |       ||     7
       Confused          |       |       |       |       |       |       |       |       |     2 ||     2
Armor: Leather armour    |    43 |   100 |    84 |       |   159 |   151 |     5 |    90 |   131 ||   763
       Troll leather arm |       |       |    15 |    98 |     4 |       |    81 |       |       ||   198
       Skin              |       |       |       |    43 |       |       |       |       |       ||    43
       Ice dragon scales |       |       |       |       |       |    29 |       |       |       ||    29
       Robe              |       |       |       |       |       |       |    61 |       |       ||    61
Dodge: Dodged            |    46 |   226 |   239 |   597 |  1473 |  1982 |  2898 |  2204 |  4723 || 14388
Block: Kite shield       |       |       |       |       |       |       |       |       |  2700 ||  2700
       Tower shield      |       |       |       |       |       |       |       |       |   557 ||   557
       Reflection        |       |       |       |       |       |       |       |       |    55 ||    55
